 Dungeon Crawl Stone Soup version 0.31-a0-965-g8a8ce12e04 (webtiles) character file.

Game seed: 18313598271608096570

163 Maratek the Trooper (level 5, 0/42 HPs)
             Began as a Demonspawn Fighter on Oct 26, 2023.
             Killed from afar by an orc wizard (4 damage)
             ... with a magic dart
             ... on level 3 of the Dungeon.
             The game lasted 00:04:11 (1979 turns).

Maratek the Trooper (Demonspawn Fighter)            Turns: 1979, Time: 00:04:12

Health: 0/42       AC:  6    Str: 19    XL:     5   Next: 20%
Magic:  5/5        EV:  6    Int:  9    God:
Gold:   174        SH: 13    Dex: 12    Spells: 4/4 levels left

rFire   . . .        a - +1 trident
rCold   . . .        u - +1 tower shield
rNeg    . . .        b - +0 scale mail
rPois   .            (no helmet)
rElec   .            (no cloak)
rCorr   .            (no gloves)
SInv    .            (no boots)
Will    .....        (no amulet) Stlth
                     (no ring)
HPRegen 0.27/turn    (no ring)
MPRegen 0.09/turn

%: no passive effects
@: no status effects
A: hooves 2, condensation shield
a: no special abilities


You were on level 3 of the Dungeon.
You visited 1 branch of the dungeon, and saw 4 of its levels.

You collected 174 gold pieces.

Inventory:

Hand Weapons
 a - a +1 trident (weapon)
Missiles
 f - 2 throwing nets
Armour
 b - a +0 scale mail (worn)
 u - a +1 tower shield (worn)
Jewellery
 o - an amulet of faith
 p - a ring of ice
Scrolls
 j - 2 scrolls of fear
 k - a scroll of teleportation
 q - a scroll of revelation
Potions
 d - 2 potions of might
 e - a potion of brilliance {unknown}
 g - a potion of curing {unknown}
 h - 3 potions of heal wounds {unknown}
 m - a potion of degeneration {unknown}
 n - 2 potions of resistance {unknown}
 r - a potion of invisibility {unknown}


   Skills:
 + Level 4.0 Fighting
 + Level 3.0 Polearms
 + Level 3.4 Armour
 + Level 0.3 Dodging
 + Level 0.1 Stealth
 + Level 3.3 Shields


You had 4 spell levels left.
You didn't know any spells.
Your spell library contained the following spells:

 Spells                   Type           Power      Damage    Failure   Level
 Cigotuvi's Dreadful Rot  Necr/Pois/Air  0%         N/A       100%        2
 Dazzling Flash           Conj/Hex       0%         N/A       100%        3
 Inner Flame              Hex/Fire       0%         N/A       100%        3
 Volatile Blastmotes      Fire/Tloc      0%         2d10      100%        3
 Dispel Undead            Necr           0%         3d6       100%        4
 Flame Wave               Conj/Fire      0%         2d4       100%        4
 Sticky Flame             Conj/Fire      0%         2d3       100%        4
 Death Channel            Necr           0%         N/A       100%        6
 Starburst                Conj/Fire      0%         6d3       100%        6
 Maxwell's Capacitive Co  Air            0%         ∞         100%        8


Dungeon Overview and Level Annotations

Branches:
Dungeon (4/15)
 Temple: D:4-7

Altars:
Gozag

Shops:
D:1 :


Innate Abilities, Weirdness & Mutations

You have hoof-like feet.
A meltable shield of frost defends you. (SH +0)


Message History

Something hits you but does no damage.
Your Fighting skill increases to level 4!
Your Polearms skill increases to level 3!
You have reached level 5!
Your demonic ancestry asserts itself...
Your feet thicken and deform.
You start resting.
Something hits you.
* * * LOW HITPOINT WARNING * * *
You start resting.
Something hits you but does no damage.
You start resting.
An orc wizard appears from thin air!
Reactivating autopickup.
The orc wizard hits you but does no damage.
An orc wizard is nearby!
You hit the orc wizard. You kick the orc wizard.
The orc wizard is moderately wounded.
The orc wizard casts a spell at you.
You are confused.
The orc wizard hits you but does no damage.
The orc wizard points at you and mumbles some strange words.
The magic dart hits you.
* * * LOW HITPOINT WARNING * * *
You see here a scorpion corpse.
The orc wizard barely misses you.
You bump into the rock wall.
The orc wizard hits you but does no damage.
The orc wizard casts a spell at you. The puff of flame hits you!
* * * LOW HITPOINT WARNING * * *
The orc wizard attacks as it pursues you!
The orc wizard hits you but does no damage.
You feel less confused.
The orc wizard points at you and mumbles some strange words.
You resist with some effort.
The orc wizard hits you but does no damage.
You hit the orc wizard.
You kick the orc wizard, but do no damage.
The orc wizard is severely wounded.
The orc wizard points at you and mumbles some strange words.
The magic dart hits you.
You die...

#.......#####...........#..
#.....#..........##...#.#.#
###..###..............#...#
##...#........##....#.#.#
###..#####...........#..
##.### #.(..÷....#.#.#
#..†###...##.##.#...#
###>.o....##....#.#..
##@....####.....##.
#.###.###.(..#....
#.###.....#..##.##
#....###.....#.... ####.#
#...#.####. #.# #...#.# #..
#### #####.###.....# #..
#..#####..........#..# #..
#...#....###.##.####.###.#


You could see an orc wizard.

Vanquished Creatures
  A scorpion (D:3)
  2 adders
  A white imp (D:3)
  2 worms
  2 dart slugs
  2 orcs
  7 ball pythons
  3 bats
  7 endoplasms
  A giant cockroach (D:2)
  6 hobgoblins
  4 jackals (D:3)
  5 quokkas
  2 frilled lizards
  7 goblins
  6 kobolds
  7 rats
65 creatures vanquished.

Notes
Turn   | Place    | Note
-------+----------+-------------------------------------------
     0 | D:1      | Maratek the Demonspawn Fighter began the quest for the Orb.
     0 | D:1      | Reached XP level 1. HP: 18/18 MP: 1/1
   165 | D:1      | Gained mutation: A meltable shield of frost defends you.
                  | (SH +0) [demonic ancestry]
   165 | D:1      | Reached XP level 2. HP: 24/24 MP: 2/2
   501 | D:1      | Found Abbi's Book Shoppe.
   820 | D:2      | Discovered your monstrous ancestry.
   820 | D:2      | Gained mutation: You have large cloven feet. [demonic
                  | ancestry]
   820 | D:2      | Reached XP level 3. HP: 29/29 MP: 3/3
  1242 | D:3      | Found an opulent altar of Gozag.
  1258 | D:3      | Reached XP level 4. HP: 28/37 MP: 4/4
  1375 | D:3      | Identified the +7 short sword of Valour {heavy, MP+9}
  1930 | D:4      | Noticed a scorpion
  1967 | D:3      | Killed a scorpion
  1968 | D:3      | Reached skill level 4 in Fighting
  1968 | D:3      | Gained mutation: You have hoof-like feet. [demonic
                  | ancestry]
  1968 | D:3      | Reached XP level 5. HP: 15/42 MP: 5/5
  1975 | D:3      | HP: 2/42 [orc wizard/puff of flame (8)]
  1979 | D:3      | Killed from afar by an orc wizard

Illustrated notes

Levels and vault maps discovered:
D:1:      tarquinn_simple_flora_water_e, layout_basic, serial_shops, shop
D:2:      layout_loops_ring, basic_altar, minmay_split_cup_large
D:3:      layout_rooms, nicolae_gozag_cash_rules_everything_around_me,
          minmay_misc_feat_five, nicolae_concentric_dashed_squares_mild,
          st_stairs_2
D:4:      layout_rooms, chequers_temple_overflow_statue_of_worship,
          okawaru_ov_weapons_minmay, minmay_temple_entry_gardened_gates,
          kennysheep_cross_room

Skill      XL: |  1  2  3  4 |
---------------+-------------+-----
Armour         | 3 |  3.4
Polearms       | 2 3 |  3.0
Shields        | 3 |  3.3
Fighting       | 4 |  4.0
Dodging        | |  0.3
Stealth        | |  0.1

Action                     |  1- 3 |  4- 6 || total
---------------------------+-------+-------++-------
  Melee: Trident           |   105 |    65 ||   170
         Kick              |    10 |    12 ||    22
    Use: Scroll            |       |     6 ||     6
 Armour: Scale mail        |    39 |    75 ||   114
  Dodge: Dodged            |    27 |    20 ||    47
  Block: Buckler           |    38 |    17 ||    55
         Tower shield      |       |    12 ||    12

Table legend: (Time is in decaauts)
 A = Elapsed time spent in this place.
 B = Non-inter-level travel time spent in this place.
 C = Inter-level travel time spent in this place.
 D = Time resting spent in this place.
 E = Time spent auto-exploring this place.
 F = Levels seen in this place.
 G = Mean time per level.
                   A        B        C        D        E       F      G
               +--------+--------+--------+--------+--------+-----+--------+
         Total |   2022 |   1953 |     69 |      0 |   1518 |   4 |  505.5 |
       Dungeon |   2022 |   1953 |     69 |      0 |   1518 |   4 |  505.5 |
               +--------+--------+--------+--------+--------+-----+--------+

Top non-repeatable levels by time:
     D:3: 717 daAuts
     D:2: 668 daAuts
     D:1: 580 daAuts
     D:4: 56 daAuts
